 Dungeon Crawl Stone Soup version 0.17-a0-1528-gfee3901 (webtiles) character file.

164 mrath the Digger (level 5, -2/28 HPs)
             Began as a Gargoyle Earth Elementalist on July 15, 2015.
             Killed from afar by an orc wizard (7 damage)
             ... with a puff of flame
             ... on level 3 of the Dungeon.
             The game lasted 00:30:27 (2832 turns).

mrath the Digger (Gargoyle Earth Elementalist)      Turns: 2832, Time: 00:30:27

Health: -2/28      AC:  6    Str: 11    XL:     5   Next: 45%
Magic:  11/11      EV: 12    Int: 17    God:
Gold:   163        SH:  0    Dex: 10    Spells: 3 memorised, 6 levels left

rFire  . . .     SeeInvis .     u - +0 club
rCold  . . .     Clarity  .     b - +0 robe
rNeg   + . .     SustAt   .     (no shield)
rPois  ∞         Gourm    .     (no helmet)
rElec  +         Spirit   .     (no cloak)
rCorr  .         Warding  .     (no gloves)
rMut   .         Stasis   .     (no boots)
MR     .....                    (no amulet)
Stlth  ++........               (no ring)
                                (no ring)

@: not resistant to hostile enchantments, unstealthy
A: negative energy resistance 1, electricity resistance, unbreathing,
petrification resistance, rot immunity, AC +4
a: no special abilities


You were on level 3 of the Dungeon.
You were not hungry.

You visited 1 branch of the dungeon, and saw 3 of its levels.

You collected 163 gold pieces.

Inventory:

Hand weapons
 u - a +0 club (weapon)
 v - a +0 hunting sling
 y - a +0 whip
 A - a +0 dagger
 F - a +0 war axe
Missiles
 a - 69 stones (quivered)
 g - 3 needles of slowing
 n - 29 arrows
 x - 20 sling bullets
Armour
 b - a +0 robe (worn)
 r - a +2 shield
 t - a +0 pair of gloves
Jewellery
 i - an uncursed amulet of warding {unknown}
 l - an uncursed ring of fire {unknown}
Magical devices
 z - a wand of fireball (3)
Scrolls
 e - 2 scrolls of random uselessness {unknown}
 j - a scroll of remove curse {unknown}
 k - a scroll of identify {unknown}
 m - a scroll of noise {unknown}
 p - a scroll of blinking {unknown}
 s - a scroll of enchant armour {unknown}
Potions
 f - 3 potions of curing {unknown}
 o - a potion of might {unknown}
 w - a potion of haste {unknown}
 C - a potion of agility {unknown}
 D - a potion of lignification {unknown}
 E - a potion of heal wounds
Books
 c - a book of Geomancy

   Spells                             Type                      Level
   a - Sandblast                      Earth                        1
   b - Stoneskin                      Transmutation/Earth          2
   c - Passwall                       Transmutation/Earth          3
   d - Stone Arrow                    Conjuration/Earth            3
   e - Petrify                        Transmutation/Earth          4
   f - Lee's Rapid Deconstruction     Earth                        5
Comestibles
 d - 3 bread rations
 h - 2 slices of pizza
 q - 3 meat rations
 B - 3 chunks of flesh


   Skills:
 - Level 1.5 Dodging
 - Level 2.1 Stealth
 * Level 4.4 Spellcasting
 - Level 0.7 Transmutations
 + Level 4.7 Earth Magic


You had 6 spell levels left.
You knew the following spells:

 Your Spells              Type           Power        Failure   Level  Hunger
a - Sandblast             Erth           ###...       2%          1    None
b - Stoneskin             Trmt/Erth      ##......     10%         2    ##.....
c - Stone Arrow           Conj/Erth      ##....       17%         3    ###....


Dungeon Overview and Level Annotations

Branches:
Dungeon (3/15)

Altars:


Innate Abilities, Weirdness & Mutations

You are resistant to torment.
Your stone body is resilient (AC +4).
You are immune to poison.
You resist negative energy.
You are resistant to electric shocks.
You can survive without breathing.
You are immune to petrification.
You are immune to rotting.


Message History

Something hits you but does no damage.
You barely miss something. Something hits you but does no damage.
Something hits you but does no damage.
You hit something. Something hits you.
* * * LOW HITPOINT WARNING * * *
You hear some strange, mumbled words.
A puff of flame appears from out of thin air!
The puff of flame hits you!
* * * LOW HITPOINT WARNING * * *
You miss something. Something hits you but does no damage. Something hits you.
* * * LOW HITPOINT WARNING * * *
You miss something. Something barely misses you.
You hear some strange, mumbled words.
A puff of flame appears from out of thin air!
The puff of flame misses you.
You closely miss something. Something hits you but does no damage.
You hear some strange, mumbled words.
A puff of flame appears from out of thin air!
The puff of flame hits you!
You die...

##...## #.$...#
#.....# #.....#
##.).## ##.## #.#
#.# #{# #.# #@#
#.# #.# #.# #.#
#.# #.# #.# #.#
#.##############÷#
..##............>#
#.##.#############
#.##.#


There were no monsters in sight!

Vanquished Creatures
  10 adders
  An ooze (D:3)
  A worm (D:2)
  2 giant geckos
  3 orcs (D:3)
  8 bats
  2 giant cockroaches
  9 goblins
  5 hobgoblins
  4 jackals (D:2)
  7 kobolds
  A ball python (D:2)
  6 giant newts
  A quokka (D:3)
  11 rats
71 creatures vanquished.

Notes
Turn   | Place    | Note
--------------------------------------------------------------
     0 | D:1      | mrath the Gargoyle Earth Elementalist began the quest for the Orb.
     0 | D:1      | Reached XP level 1. HP: 10/10 MP: 3/3
   209 | D:1      | Reached XP level 2. HP: 4/15 MP: 1/5
   720 | D:1      | Learned a level 2 spell: Stoneskin
   878 | D:1      | Reached XP level 3. HP: 19/19 MP: 3/7
   956 | D:1      | Learned a level 3 spell: Stone Arrow
  1123 | D:2      | Reached skill level 4 in Earth Magic
  1288 | D:2      | Reached XP level 4. HP: 24/24 MP: 5/9
  2068 | D:2      | Reached XP level 5. HP: 28/28 MP: 8/11
  2832 | D:3      | Killed from afar by an orc wizard

Vault maps used:
D:1:      erik_arrival_triangle_small
D:3:      ashenzari_conservatory_becter

Action                   |  1- 3 |  4- 6 || total
-------------------------+-------+-------++-------
Melee: Unarmed           |     9 |       ||     9
       Club              |       |    57 ||    57
       War axe           |       |     8 ||     8
 Cast: Sandblast         |    47 |    58 ||   105
  Eat: Chunk             |     1 |     5 ||     6
